 Dungeon Crawl Stone Soup version 0.22.0-1-g6561e4c (webtiles) character file.

2970 mopl the Arsonist (level 9, -12/51 HPs)
             Began as an Octopode Fire Elementalist on Aug 12, 2018.
             Was a Follower of Vehumet.
             Mangled by a yak (44 damage)
             ... on level 8 of the Dungeon.
             The game lasted 00:12:49 (6972 turns).

mopl the Arsonist (Octopode Fire Elementalist)      Turns: 6972, Time: 00:12:50

Health: -12/51     AC:  1    Str:  8    XL:     9   Next: 82%
Magic:  12/17      EV: 13    Int: 20    God:    Vehumet [*.....]
Gold:   368        SH:  0    Dex: 12    Spells: 3/19 levels left

rFire    . . .     SeeInvis .   o - +2 spear (venom)
rCold    . . .     Gourm    .   (no shield)
rNeg     . . .     Faith    .   (helmet restricted)
rPois    .         Spirit   .   (no amulet)
rElec    .         Reflect  .   c - ring of resist corrosion
rCorr    +         Harm     .   (no ring)
MR       .....                  (no ring)
Stlth    +++.......             (no ring)
HPRegen  0.17/turn              (no ring)
MPRegen  0.15/turn              (no ring)
                                (no ring)
                                (no ring)

@: sleeping
A: almost no armour, stealthy swim, amphibious, 8 rings, constrict 8, camouflage
1, gelatinous body 1
a: Renounce Religion


You were on level 8 of the Dungeon.
You worshipped Vehumet.
Vehumet was aware of your devotion.
You were not hungry.

You visited 2 branches of the dungeon, and saw 9 of its levels.

You collected 368 gold pieces.

Inventory:

Hand Weapons
 f - a +0 short sword
 j - a +0 short sword of flaming
 o - a +2 spear of venom (weapon)
Missiles
 n - 5 curare-tipped needles
 r - 2 tomahawks (quivered)
 u - 3 javelins
 y - 29 poisoned needles
Armour
 t - the +1 pair of gloves "Jusoi" {*Corrode rN+ Regen+ Dex+3, unknown}
   (You found it on level 5 of the Dungeon)

   It affects your dexterity (+3).
   It protects you from negative energy.
   It increases your rate of regeneration.
   It may corrode you when you take damage.
Jewellery
 c - a ring of resist corrosion (left tentacle)
Wands
 x - a wand of flame (15)
Scrolls
 a - 6 scrolls of teleportation
 e - 4 scrolls of remove curse {unknown}
 h - a scroll of noise {unknown}
 k - a scroll of enchant weapon {unknown}
 l - 3 scrolls of amnesia {unknown}
 v - a scroll of vulnerability {unknown}
 w - 2 scrolls of fear {unknown}
 A - a scroll of holy word {unknown}
Potions
 d - 4 potions of curing {unknown}
 g - a potion of magic
 i - a potion of degeneration
 m - 3 potions of ambrosia {unknown}
 p - a potion of might
 q - a potion of resistance
 s - a potion of haste {unknown}
 z - 2 potions of brilliance {unknown}
 B - a potion of flight {unknown}
 C - a potion of berserk rage {!q}
Comestibles
 b - 12 rations
 D - 2 chunks of flesh


   Skills:
 - Level 2.0 Dodging
 - Level 2.6 Stealth
 + Level 5.9 Spellcasting
 * Level 8.4 Conjurations
 * Level 8.9 Fire Magic


You had 3 spell levels left.
You knew the following spells:

 Your Spells              Type           Power        Failure   Level  Hunger
a - Flame Tongue          Conj/Fire      #####        1%          1    None
c - Conjure Flame         Conj/Fire      #####...     1%          3    ##.....
d - Sticky Flame          Conj/Fire      #####...     3%          4    ####...
f - Fireball              Conj/Fire      #####.....   9%          5    #####..
h - Inner Flame           Hex/Fire       ###.....     4%          3    ##.....

Your spell library contained the following spells:

 Spells                   Type           Power        Failure   Level  Hunger
 Cause Fear               Hex            #.........   71%         4    ####...
 Slow                     Hex            #.......     16%         2    None
 Throw Flame              Conj/Fire      #####.       1%          2    None
 Summon Small Mammal      Summ           #...         11%         1    None
 Summon Ice Beast         Ice/Summ       #.......     71%         4    ####...
 Call Imp                 Summ           #.......     16%         2    None
 Call Canine Familiar     Summ           #.......     32%         3    ##.....
 Corona                   Hex            #......      11%         1    None
 Portal Projectile        Hex/Tloc       #.....       32%         3    ##.....
 Leda's Liquefaction      Hex/Erth       #.........   71%         4    ####...
 Summon Lightning Spire   Summ/Air       #.......     71%         4    ####...
 Summon Guardian Golem    Hex/Summ       #.......     32%         3    ##.....


Dungeon Overview and Level Annotations

Branches:
Dungeon (8/15)             Temple (1/1) D:5
   Lair: D:8-11

Altars:
Cheibriados
Dithmenos
Fedhas
Hepliaklqana
Kikubaaqudgha
Makhleb
Nemelex Xobeh
Qazlal
Ru
Sif Muna
Trog
Uskayaw
Vehumet
Wu Jian
Xom
Yredelemnul
Zin
The Shining One


Innate Abilities, Weirdness & Mutations

You cannot wear most types of armour.
You are very stealthy in the water. (Stealth+)
You are amphibious.
You can wear up to eight rings at the same time.
You can use your tentacles to constrict eight enemies at once.
Your skin changes colour to match your surroundings (Stealth+).
Your rubbery body absorbs attacks. (AC +1, EV +1)


Message History

The big kobold burns!
The big kobold hits you but does no damage.
Found a ration.
The dream sheep bleats!
You hit the big kobold.
The big kobold looks as sick as possible!
You grab the big kobold.
The big kobold is almost dead.
You constrict the big kobold.
The big kobold burns!
You kill the big kobold!
Vehumet accepts your kill.
You feel your power returning.
The dream sheep ruffle their wool and motes of dream dust sparkle, to no effect.
The yak is engulfed in blazing flames.
Unknown command.
The dream sheep shake their wool and sparkle.
You feel drowsy...
You fall asleep.
The yak gores you!!!
Ouch! That really hurt!
You die...

....#.# ...##.# ...#
...##.# #...# ##.##.#
#...# ##.##.######...#####
..<.......##.... ..#
....#####.##.$# #.# P≈
###.#####.##..####.###....
#.#...........@Y.Y§.Y.%.
#.#..##.##.#####.#K#.%P.
#... ...##[#####.# # .
###..#####.......# #(
######### #. #


You could see a yak, a big kobold and 2 dream sheep.

Vanquished Creatures
  A hippogriff (D:4)
  A wyvern (D:8)
  A hungry ghost (D:7)
  A steam dragon (D:8)
  A sky beast (D:4)
  4 ogres
  2 phantoms
  A necrophage (D:8)
  A centaur (D:8)
  2 big kobolds
  4 bullfrogs
  2 scorpions
  6 killer bees (D:7)
  A howler monkey (D:8)
  2 crimson imps
  2 centaur zombies
  A hound (D:4)
  4 jellies
  Crazy Yiuf (D:7)
  2 centaur skeletons
  2 orc wizards (D:6)
  3 iguanas
  4 worker ants
  A hound zombie (D:6)
  2 hound skeletons (D:4)
  5 adders
  2 shadow imps
  An ooze (D:4)
  An adder zombie (D:5)
  A worm (D:6)
  3 dart slugs
  4 leopard geckos
  7 orcs
  2 ball pythons
  7 bats
  2 giant cockroaches
  16 goblins
  10 hobgoblins
  2 jackals (D:3)
  6 quokkas
  3 frilled lizards
  A giant cockroach zombie (D:6)
  A jackal skeleton (D:7)
  15 kobolds
  A leopard gecko skeleton (D:6)
  A leopard gecko zombie (D:5)
  A quokka zombie (D:7)
  3 rats
147 creatures vanquished.

Notes
Turn   | Place    | Note
-------+----------+-------------------------------------------
     0 | D:1      | mopl the Octopode Fire Elementalist began the quest for the Orb.
     0 | D:1      | Reached XP level 1. HP: 11/11 MP: 3/3
   346 | D:1      | Reached XP level 2. HP: 17/17 MP: 1/5
   577 | D:1      | Reached XP level 3. HP: 19/21 MP: 6/6
   582 | D:1      | Learned a level 3 spell: Conjure Flame
  1308 | D:2      | Reached skill level 2 in Conjurations
  1494 | D:2      | Reached XP level 4. HP: 26/27 MP: 6/8
  1508 | D:2      | Learned a level 4 spell: Sticky Flame
  2461 | D:3      | Reached skill level 4 in Fire Magic
  2666 | D:4      | Reached skill level 3 in Spellcasting
  2666 | D:4      | Reached skill level 3 in Conjurations
  2666 | D:4      | Reached XP level 5. HP: 26/31 MP: 6/9
  2727 | D:4      | Noticed a hippogriff
  2742 | D:4      | Killed a hippogriff
  2742 | D:4      | Reached skill level 4 in Conjurations
  2742 | D:4      | Reached XP level 6. HP: 26/36 MP: 2/11
  2760 | D:4      | Learned a level 3 spell: Inner Flame
  2793 | D:4      | Reached skill level 5 in Fire Magic
  2793 | D:4      | Reached XP level 7. HP: 37/41 MP: 3/12
  3067 | D:5      | Entered Level 5 of the Dungeon
  3160 | D:5      | Reached skill level 4 in Spellcasting
  3160 | D:5      | Reached skill level 5 in Conjurations
  3352 | D:5      | Found a staircase to the Ecumenical Temple.
  3384 | D:5      | Got a pair of faintly humming gloves
  3447 | D:5      | Reached skill level 6 in Fire Magic
  3447 | D:5      | Reached XP level 8. HP: 46/46 MP: 6/14
  3449 | Temple   | Entered the Ecumenical Temple
  3490 | Temple   | Became a worshipper of Vehumet
  3781 | D:6      | Found a sparkling altar of Nemelex Xobeh.
  4055 | D:6      | Reached skill level 6 in Conjurations
  4739 | D:7      | Reached skill level 7 in Fire Magic
  4974 | D:7      | Learned a level 5 spell: Fireball
  5070 | D:7      | Reached skill level 5 in Spellcasting
  5398 | D:7      | Reached skill level 7 in Conjurations
  5418 | D:7      | Reached XP level 9. HP: 51/51 MP: 10/16
  5470 | D:7      | Reached * piety under Vehumet
  5470 | D:7      | Offered knowledge of Freeze by Vehumet.
  5722 | D:7      | Reached skill level 8 in Fire Magic
  5798 | D:7      | Found a runed door.
  5802 | D:7      | Noticed Crazy Yiuf
  5819 | D:7      | Killed Crazy Yiuf
  6700 | D:8      | Reached skill level 8 in Conjurations
  6972 | D:8      | Mangled by a yak

Skill      XL: |  1  2  3  4  5  6  7  8  9 |
---------------+----------------------------+-----
Conjurations   | 2 3 4 5 7 8 |  8.4
Fire Magic     | 4 5 6 7 8 |  8.9
Spellcasting   | 3 4 5 |  5.9
Dodging        | |  2.0
Stealth        | |  2.6

Action                   |  1- 3 |  4- 6 |  7- 9 || total
-------------------------+-------+-------+-------++-------
Melee: Unarmed           |    19 |       |       ||    19
       Constrict         |    20 |    12 |    38 ||    70
       Tentacles         |    10 |     6 |    22 ||    38
       Short sword       |    37 |    38 |       ||    75
       Spear             |       |    23 |   264 ||   287
Throw: Tomahawk          |       |       |     1 ||     1
 Cast: Flame Tongue      |    29 |    16 |    42 ||    87
       Conjure Flame     |       |     3 |    20 ||    23
       Sticky Flame      |       |       |     8 ||     8
       Inner Flame       |       |       |     3 ||     3
Evoke: Wand              |       |       |     3 ||     3
  Use: Scroll            |       |     1 |     5 ||     6
 Stab: Sleeping          |     4 |     6 |    13 ||    23
  Eat: Chunk             |     2 |     4 |    13 ||    19
       Ration            |       |       |     1 ||     1
Armor: Skin              |     6 |     6 |     7 ||    19
Dodge: Dodged            |    42 |    29 |    98 ||   169
